 Dungeon Crawl Stone Soup version 0.30.1-4-g462c640d31 (webtiles) character file.

Game seed: 11961797271437069693

7455 asdasdasdasdasd the Cleaver (level 10, -5/87 (88) HPs)
             Began as a Minotaur Berserker on Sept 14, 2023.
             Was a High Priest of Trog.
             Shot with an arrow by a centaur warrior (7 damage)
             ... on level 10 of the Dungeon on Sept 17, 2023.
             The game lasted 01:32:31 (9231 turns).

asdasdasdasdasd the Cleaver (Minotaur Berserker)    Turns: 9231, Time: 01:32:31

HP:   -5/87 (88)    AC: 19    Str: 26    XL:     10   Next: 94%
MP:   9/9           EV:  7    Int:  6    God:    Trog [*****.]
Gold: 559           SH:  9    Dex: 10    Spells: 9/9 levels left

rFire   . . .        w - +5 war axe
rCold   . . .        u - +0 kite shield
rNeg    + . .        N - +1 plate armour
rPois   .            E - +3 crown of Dyrovepreva {rElec Int+2 SInv}
rElec   +            (no cloak)
rCorr   +            (no gloves)
SInv    +            J - +0 pair of boots
Will    .....        z - amulet of faith Stlth
                     i - ring of positive energy
HPRegen 0.34/turn    I - ring of resist corrosion
MPRegen 0.11/turn

%: faith
@: lightly drained
A: horns 2, retaliatory headbutt
a: Renounce Religion, Berserk, Trog's Hand, Brothers in Arms


You were on level 10 of the Dungeon.
You worshipped Trog.
Trog was extremely pleased with you.
You visited 2 branches of the dungeon, and saw 11 of its levels.

You collected 559 gold pieces.

Inventory:

Hand Weapons
 a - a +0 hand axe
 w - a +5 war axe (weapon)
 L - a +0 battleaxe
 O - a +2 dagger of draining
 Y - a +0 spear of flaming
 Z - a +1 trident of freezing
Missiles
 x - 8 boomerangs (quivered)
 A - 34 poisoned darts
 R - 6 javelins
 X - a curare-tipped dart
Armour
 b - a +0 animal skin
 j - a +0 leather armour
 o - a +1 robe of fire resistance
 r - a +0 ring mail
 u - a +0 kite shield (worn)
 C - a +3 leather armour
 E - the +3 crown of Dyrovepreva (worn) {rElec Int+2 SInv}
   (You found it on level 4 of the Dungeon)

   Int:       It affects your intelligence (+2).
   rElec:     It insulates you from electricity.
   SInv:      It lets you see invisible.
 F - a +0 scale mail
 J - a +0 pair of boots (worn)
 N - a +1 plate armour (worn)
Magical Staves
 n - a staff of poison
 t - a staff of conjuration
Jewellery
 i - a ring of positive energy (left hand)
 z - an amulet of faith (around neck)
 I - a ring of resist corrosion (right hand)
 V - a ring of fire
 W - a ring of magical power
Wands
 G - a wand of flame (19)
 P - a wand of polymorph (9)
 S - a wand of acid (10)
 T - a wand of paralysis (3)
 U - a wand of roots (4)
Scrolls
 e - 2 scrolls of identify
 g - 3 scrolls of poison
 h - 4 scrolls of fog
 m - 2 scrolls of noise
 v - 2 scrolls of immolation
 y - 2 scrolls of blinking
 H - 4 scrolls of teleportation
Potions
 c - 5 potions of haste
 d - 7 potions of curing
 f - a potion of resistance {unknown}
 k - 4 potions of heal wounds
 l - 5 potions of flight
 p - 4 potions of mutation {unknown}
 q - 3 potions of attraction {unknown}
 s - a potion of degeneration {unknown}
 B - a potion of might {unknown}
 D - a potion of cancellation {unknown}
 K - 2 potions of magic {unknown}
 M - a potion of berserk rage {unknown}
 Q - 2 potions of invisibility {unknown}


   Skills:
 + Level 8.1 Fighting
 + Level 12.3 Axes
 + Level 0.3 Throwing
 + Level 8.4 Armour
 + Level 4.3 Dodging
 * Level 7.2 Shields
 * Level 6.8 Evocations


You had 9 spell levels left.
You didn't know any spells.
Your spell library was empty.

Dungeon Overview and Level Annotations

Branches:
Dungeon (10/15)            Temple (1/1) D:6            Lair (0/5) D:10
    Orc: D:9-12

Altars:
Ashenzari
Cheibriados
Dithmenos
Elyvilon
Fedhas
Gozag
Hepliaklqana
Kikubaaqudgha
Makhleb
Nemelex Xobeh
Okawaru
Qazlal
Ru
Sif Muna
Trog
Uskayaw
Vehumet
Wu Jian
Xom
Yredelemnul
Zin
The Shining One

Shops:
D:2 [   D:4 :   D:7 *   D:9 =   D:10 =


Innate Abilities, Weirdness & Mutations

You have a pair of horns on your head.
You reflexively headbutt those who attack you in melee.


Message History

Items here: ! $ ( ) [.
The centaur warrior unwields a +0 shortbow.
The centaur warrior hits you.
The centaur warrior kicks you but does no damage.
Items here: ! $ ( ) [.
You barely miss the centaur warrior.
Your headbutt misses the centaur warrior.
You slash the orc priest! The centaur warrior hits you.
* * * LOW HITPOINT WARNING * * *
The centaur warrior kicks you but does no damage.
The orc priest hits you with a +1 short sword of draining.
* * * LOW HITPOINT WARNING * * *
You partially resist.
You feel drained. The centaur warrior hits you!
* * * LOW HITPOINT WARNING * * *
You block the centaur warrior's attack.
Blink to where?
Press: ? - help, Dir - move target
Okay, then.
The centaur warrior attacks as you move away!
The centaur warrior hits you but does no damage.
The centaur warrior kicks you but does no damage.
An acid dragon comes into view.
The acid dragon roars!
Blink to where?
Press: ? - help, Dir - move target
Okay, then.
Blink to where?
Press: ? - help, Dir - move target
Okay, then.
Blink to where?
Press: ? - help, Dir - move target
Okay, then.
Blink to where?
Press: ? - help, Q - select action, (/) - cycle Dir - move target
As you read the scroll of blinking, it crumbles to dust.
The centaur warrior wields a +0 shortbow.
The centaur warrior shoots an arrow.
The arrow hits you!
* * * LOW HITPOINT WARNING * * *
The centaur warrior shoots an arrow.
The arrow hits you!
You die...

## #... .... #... #.# #..##
#.# ##... #.# ...# #.#
##'## #.# ##...## #.#
##..@..## ##.## ##.......##
#####...####.........###...
†......)...'.........'.....
##.#....####.........###...
#......# ##.......## .
##.##### ##..§o.## #.#
##.c)## #.# #..........


You could see a centaur warrior and an orc priest.

Vanquished Creatures
  A two-headed ogre (D:10)
  A skeletal warrior (D:10)
  Pikel (D:6)
  An unseen horror (D:10)
  A komodo dragon (D:10)
  Grinder (D:3)
  A vampire (D:10)
  Eustachio (D:4)
  2 steam dragons
  An acid dragon (D:8)
  4 water moccasins
  5 orc warriors
  2 sky beasts
  2 ice beasts
  An ogre (D:5)
  3 black bears (D:10)
  3 centaurs
  A lemure (D:6)
  A phantom (D:5)
  4 kobold brigands
  2 bullfrogs
  A gnoll sergeant (D:9)
  2 scorpions
  5 wights (D:9)
  18 killer bees
  6 howler monkeys
  A jelly (D:5)
  4 hounds
  2 orc priests
  A gnoll bouda (D:10)
  3 iguanas
  4 orc wizards
  14 gnolls
  6 adders
  3 white imps (D:7)
  3 ufetubi (D:5)
  4 adder zombies (D:2)
  2 adder skeletons (D:2)
  2 worms (D:2)
  22 orcs
  4 ball pythons
  A bat skeleton (D:2)
  4 bat zombies (D:2)
  8 endoplasms
  3 giant cockroaches
  4 goblins
  6 hobgoblins
  2 jackals (D:1)
  2 quokkas (D:2)
  4 ball python skeletons (D:2)
  A ball python zombie (D:2)
  3 bats
  7 frilled lizards
  21 kobolds
  A quokka zombie (D:2)
  5 rats
218 creatures vanquished.

Vanquished Creatures (collateral kills)
  2 kobolds (D:7)
2 creatures vanquished.

Grand Total: 220 creatures vanquished

Notes
Turn   | Place    | Note
-------+----------+-------------------------------------------
     0 | D:1      | asdasdasdasdasd the Minotaur Berserker began the quest for
                  | the Orb.
     0 | D:1      | Reached XP level 1. HP: 19/19 MP: 0/0
   313 | D:1      | Reached XP level 2. HP: 27/27 MP: 1/1
   405 | D:1      | Reached skill level 4 in Axes
   444 | D:1      | Found a faded altar of an unknown god.
   542 | D:1      | Reached ** piety under Trog
   941 | D:2      | Reached XP level 3. HP: 13/33 MP: 2/2
  1015 | D:2      | Found Suimnol's Antique Armour Boutique.
  1196 | D:2      | Reached XP level 4. HP: 40/41 MP: 3/3
  1467 | D:2      | Reached skill level 5 in Axes
  1611 | D:2      | Reached *** piety under Trog
  1728 | D:3      | Found an ornate altar of the Wu Jian Council.
  1740 | D:3      | Noticed Grinder
  1951 | D:3      | Paralysed by Grinder for 3 turns
  1955 | D:3      | Killed Grinder
  1956 | D:3      | Reached skill level 5 in Fighting
  1956 | D:3      | Reached skill level 6 in Axes
  1956 | D:3      | Reached skill level 1 in Evocations
  1956 | D:3      | Reached XP level 5. HP: 29/48 MP: 4/4
  1956 | D:3      | Reached XP level 6. HP: 34/56 MP: 5/5
  2577 | D:4      | Found a radiant altar of Vehumet.
  2757 | D:4      | Found Nyexom's Vocational Training.
  2826 | D:4      | Found the +3 crown of Dyrovepreva {rElec Int+2 SInv}
  2897 | D:4      | Noticed Eustachio
  2911 | D:4      | Killed Eustachio
  2912 | D:4      | Reached XP level 7. HP: 36/61 MP: 6/6
  3592 | D:5      | Entered Level 5 of the Dungeon
  3639 | D:5      | Reached skill level 7 in Axes
  3800 | D:5      | Reached **** piety under Trog
  3855 | D:5      | Found a snail-covered altar of Cheibriados.
  3906 | D:5      | Found an ancient bone altar of Kikubaaqudgha.
  4031 | D:5      | Reached skill level 5 in Armour
  4399 | D:6      | Found a staircase to the Ecumenical Temple.
  4435 | Temple   | Entered the Ecumenical Temple
  4520 | D:6      | Reached XP level 8. HP: 61/70 MP: 7/7
  4740 | D:6      | Reached skill level 8 in Axes
  4740 | D:6      | Reached skill level 1 in Shields
  4775 | D:6      | Noticed Pikel
  4797 | D:6      | Killed Pikel
  5020 | D:6      | Reached skill level 9 in Axes
  5303 | D:6      | Found a hazy altar of Hepliaklqana.
  5464 | D:7      | Reached XP level 9. HP: 56/78 MP: 8/8
  5631 | D:7      | Found a broken altar of Ashenzari.
  5639 | D:7      | Found a hide-covered altar of Uskayaw.
  5735 | D:7      | Found Fumiydul's Assorted Antiques.
  5827 | D:7      | Reached ***** piety under Trog
  6333 | D:8      | Found a burning altar of Makhleb.
  6449 | D:8      | Reached skill level 10 in Axes
  6922 | D:8      | Reached skill level 5 in Evocations
  6926 | D:8      | Reached skill level 5 in Shields
  7464 | D:9      | Found Pehitz's Jewellery Shoppe.
  7509 | D:9      | Reached XP level 10. HP: 68/84 MP: 9/9
  8185 | D:10     | Entered Level 10 of the Dungeon
  8217 | D:10     | Noticed a two-headed ogre
  8237 | D:10     | Killed a two-headed ogre
  8238 | D:10     | Reached skill level 11 in Axes
  8515 | D:10     | Found a staircase to the Lair.
  8701 | D:10     | Found Ciepsul's Jewellery Shoppe.
  8795 | D:10     | Received a gift from Trog
  8935 | D:10     | Reached skill level 12 in Axes
  9161 | D:10     | Noticed a skeletal warrior
  9196 | D:10     | Killed a skeletal warrior
  9224 | D:10     | Noticed a centaur warrior
  9231 | D:10     | HP: 2/87 [centaur warrior/arrow (11)]
  9231 | D:10     | Shot with an arrow by a centaur warrior

Illustrated notes

Levels and vault maps discovered:
D:1:      zelgadis_glass_arrival_small, layout_loops_corners,
          shapermc_ecumenical_altar_mp_urbaneastern
D:2:      layout_loops_ring, serial_shops, shop, serial_undead, serial_undead_d,
          serial_undead_c, serial_undead_d, serial_undead_c, serial_undead_f,
          serial_undead_a, serial_undead_f, minmay_cut_off
D:3:      minmay_octagon_keep, layout_rooms, mainiacjoe_overflow_alcove_1,
          uniq_grinder
D:4:      layout_gridville, lemuel_coloured_pillars_altar,
          nicolae_shop_vocational, uniq_eustachio
D:5:      layout_loops_ring, cheibriados_altar_1,
          nicolae_kikubaaqudgha_miasma_corner
D:6:      layout_loops_ring, worldfamousw_hep_ancestral_shrine,
          minmay_temple_entry_glass, nicolae_concentric_dashed_squares_mild,
          grunt_ministairs_12, nrook_mini_vaults, uniq_pikel
D:7:      layout_gridville, minitemple, serial_shops, kennysheep_mini_moat
D:8:      layout_gridville, mainiacjoe_overflow_small_starburst,
          serial_park_tiny_pond
D:9:      layout_rooms, serial_shops, shop, nrook_uturn
D:10:     minmay_cornered_nines, layout_loops_corners,
          due_lair_maze_entry_diamond, orc_0_dummy, serial_shops,
          nicolae_shop_stone
Temple:   compressed_dpeg_circular_temple

Skill      XL: |  1  2  3  4  5  6  7  8  9 10 |
---------------+-------------------------------+-----
Axes           | 4 6 7 9 10 12 | 12.3
Fighting       | 4 5 6 8 |  8.1
Armour         | 3 4 5 6 7 8 |  8.4
Dodging        | 3 4 |  4.3
Evocations     | 1 2 3 4 5 6 |  6.8
Shields        | 3 5 7 |  7.2
Throwing       | |  0.3

Action                     |  1- 3 |  4- 6 |  7- 9 | 10-12 || total
---------------------------+-------+-------+-------+-------++-------
  Melee: Hand axe          |   115 |    15 |       |       ||   130
         Headbutt          |    16 |     9 |    28 |    33 ||    86
         Punch             |     3 |       |       |       ||     3
         War axe           |       |    65 |   212 |   154 ||   431
  Throw: Boomerang         |       |       |       |     4 ||     4
 Invoke: Trog's Hand       |       |       |     1 |       ||     1
         Brothers in Arms  |       |       |     1 |       ||     1
    Use: Scroll            |     3 |     1 |     8 |     2 ||    14
         Potion            |       |       |     1 |     2 ||     3
   Stab: Sleeping          |     1 |       |       |       ||     1
 Armour: Animal skin       |     4 |       |       |       ||     4
         Ring mail         |     6 |    22 |       |       ||    28
         Leather armour    |     4 |     3 |       |       ||     7
         Scale mail        |       |     8 |    51 |       ||    59
         Plate armour      |       |       |    62 |    90 ||   152
  Dodge: Dodged            |    60 |    50 |    99 |    32 ||   241
  Block: Kite shield       |       |       |    81 |    64 ||   145
